 Dungeon Crawl Stone Soup version 0.28.0 (webtiles) character file.

Game seed: 6808431701815958356

21 Morbidden the Conjurer (level 2, 0/19 HPs)
             Began as a Demonspawn Conjurer on Feb 14, 2022.
             Succumbed to an adder's poison
             ... on level 1 of the Dungeon.
             The game lasted 00:01:12 (1458 turns).

Morbidden the Conjurer (Demonspawn Conjurer)        Turns: 1458, Time: 00:01:13

Health: 0/19       AC:  2    Str:  7    XL:     2   Next: 62%
Magic:  3/5        EV: 12    Int: 19    God:
Gold:   38         SH:  0    Dex: 11    Spells: 2/5 levels left

rFire   . . .      SeeInvis .   (no weapon)
rCold   . . .      Faith    .   (no shield)
rNeg    . . .      Spirit   .   a - +0 robe
rPois   .          Reflect  .   (no helmet)
rElec   .          Harm     .   (no cloak)
rCorr   .          Rampage  .   (no gloves)
Will    .....                   (no boots)
Stlth   ++........              (no amulet)
HPRegen 0.06/turn               (no ring)
MPRegen 0.09/turn               (no ring)

@: lethally poisoned (0 -> -3)
A: hooves 1
a: no special abilities


You were on level 1 of the Dungeon.
You visited 1 branch of the dungeon, and saw 2 of its levels.

You collected 38 gold pieces.

Inventory:

Armour
 a - a +0 robe (worn)
Scrolls
 b - a scroll of noise {unknown}
 c - a scroll of torment {unknown}
Potions
 d - a potion of mutation {unknown}
 e - a potion of heal wounds {unknown}


   Skills:
 * Level 0.2 Fighting
 * Level 1.9 Dodging
 + Level 1.8 Stealth
 * Level 2.1 Spellcasting
 * Level 4.5 Conjurations


You had 2 spell levels left.
You knew the following spells:

 Your Spells              Type           Power      Damage    Failure   Level
a - Magic Dart            Conj           76%        1d6       2%          1
b - Searing Ray           Conj           38%        2d5       3%          2

Your spell library contained the following spells:

 Spells                   Type           Power      Damage    Failure   Level
 Dazzling Flash           Conj/Hex       20%        N/A       21%         3
 Portal Projectile        Hex/Tloc       2%         N/A       45%         3
 Fulminant Prism          Conj/Hex       5%         3d7       54%         4
 Iskenderun's Mystic Bla  Conj/Tloc      10%        2d4       54%         4
 Blade Hands              Tmut           0%         N/A       99%         5
 Excruciating Wounds      Necr           0%         N/A       99%         5


Dungeon Overview and Level Annotations

Branches:
Dungeon (2/15)

Altars:


Innate Abilities, Weirdness & Mutations

You have large cloven feet.


Message History

The kobold barely misses you.
You hit the kobold but do no damage. Your kick misses the kobold.
The kobold hits you with a +0 vorpal war axe.
You hit the kobold but do no damage. Your kick misses the kobold.
The kobold hits you with a +0 vorpal war axe.
* * * LOW HITPOINT WARNING * * *
You are too injured to fight recklessly!
You are too injured to fight recklessly!
You are too injured to fight recklessly!
You are too injured to fight recklessly!
You are too injured to fight recklessly!
You are too injured to fight recklessly!
You are too injured to fight recklessly!
You are too injured to fight recklessly!
You are too injured to fight recklessly!
You are too injured to fight recklessly!
You are too injured to fight recklessly!
You are too injured to fight recklessly!
Unknown command.
Press: ? - help, v - describe, . - travel
Here: a kobold, wielding a +0 vorpal war axe and wearing a +0 chain mail The floor.
An adder comes into view.
The adder hisses angrily.
There is a stone staircase leading up here.
Okay, then.
The adder closely misses you. The adder closely misses you.
The adder bites you.
* * * LOW HITPOINT WARNING * * *
The adder barely misses you. The adder bites you.
* * * LOW HITPOINT WARNING * * *
There is a stone staircase leading up here.
The adder bites you.
* * * LOW HITPOINT WARNING * * *
You are lethally poisoned!
The adder poisons you!
You climb upwards.
You die...

#### #.# #.###. #..# #.# ###.###.
#..# #.# #.....#. #..# #.#
#.....#. #..# #.# #####.......
#####..# #.##########.....†.....
.......####.##.........#####...##
######.........#######.# #.####
######.....@S.....# #.# #
############.# #.# # #.#####.# #
#.......# # ######### #


You could see an adder.

Vanquished Creatures
  2 ball pythons
  2 endoplasms (D:1)
  2 giant cockroaches (D:1)
  A goblin (D:2)
  3 jackals (D:1)
  A quokka (D:1)
  A bat (D:1)
  A frilled lizard (D:1)
  3 kobolds
  3 rats
19 creatures vanquished.

Notes
Turn   | Place    | Note
-------+----------+-------------------------------------------
     0 | D:1      | Morbidden the Demonspawn Conjurer began the quest for the
                  | Orb.
     0 | D:1      | Reached XP level 1. HP: 13/13 MP: 3/3
   395 | D:1      | Discovered your monstrous ancestry.
   395 | D:1      | Gained mutation: You have large cloven feet. [demonic
                  | ancestry]
   395 | D:1      | Reached XP level 2. HP: 19/19 MP: 3/5
   714 | D:1      | Learned a level 2 spell: Searing Ray
   740 | D:1      | Found a faded altar of an unknown god.
  1458 | D:1      | Succumbed to an adder's poison

Illustrated notes

Levels and vault maps discovered:
D:1:      zaba_arrival_water, layout_loops_ring,
          chequers_ecumenical_altar_twisty
D:2:      layout_loops_ring, minivault_24

Action                   || total
-------------------------++-------
Melee: Unarmed           ||    25
       Kick              ||     1
 Cast: Magic Dart        ||    37
Armor: Robe              ||     7
Dodge: Dodged            ||    34
